 Dungeon Crawl Stone Soup version 0.29.0-4-gdea44cf6ec (webtiles) character file.

Game seed: 13269264117539680662

144811 qw the Warrior (level 16, -5/162 HPs)
             Began as a Minotaur Berserker on Sept 4, 2022.
             Was an Elder of Trog.
             Slain by a merfolk impaler
             ... wielding a +0 demon trident of electrocution
              (11 damage)
             ... on level 1 of the Shoals.
             The game lasted 00:12:00 (34546 turns).

qw the Warrior (Minotaur Berserker)                Turns: 34546, Time: 00:12:00

Health: -5/162     AC: 29    Str: 28    XL:     16   Next: 85%
Magic:  15/15      EV: 16    Int:  7    God:    Trog [****..]
Gold:   187        SH: 19    Dex: 16    Spells: 15/15 levels left

rFire   . . .      SeeInvis .   t - +3 war axe (vamp)
rCold   . . .      Faith    .   e - +0 kite shield
rNeg    . . .      Spirit   .   v - +3 plate armour
rPois   +          Reflect  +   l - +2 hat {Will+}
rElec   .          Harm     .   o - +2 cloak
rCorr   .          Rampage  .   i - +2 pair of gloves
Will    ++...                   (no boots)
Stlth   ..........              a - amulet of reflection
HPRegen 0.37/turn               A - ring of Rycenius {EV+4 Int+3 Dex+4}
MPRegen 0.14/turn               B - ring of poison resistance

@: about to teleport, on berserk cooldown, slowed, very slow
A: horns 2, retaliatory headbutt
a: Renounce Religion, Berserk, Trog's Hand, Brothers in Arms


You were on level 1 of the Shoals.
You worshipped Trog.
Trog was greatly pleased with you.
You visited 5 branches of the dungeon, and saw 26 of its levels.

You collected 2491 gold pieces.
You spent 2304 gold pieces at shops.


Innate Abilities, Weirdness & Mutations

You have a pair of horns on your head.
You reflexively headbutt those who attack you in melee.


   Skills:
 - Level 20.0 Fighting
 - Level 18.0 Axes
 - Level 8.0 Throwing
 - Level 15.0 Armour
 - Level 10.3 Dodging
 + Level 15.7 Shields


You had 15 spell levels left.
You didn't know any spells.
Your spell library was empty.

Inventory:

Hand Weapons
 g - a +0 morningstar
 t - a +3 vampiric war axe (weapon)
Missiles
 f - 6 boomerangs of dispersal
 u - 7 boomerangs
 x - 3 javelins (quivered)
Armour
 e - a +0 kite shield (worn)
 i - a +2 pair of gloves (worn)
 l - a +2 hat of willpower (worn)
 o - a +2 cloak (worn)
 v - a +3 plate armour (worn)
 w - a +0 kite shield of poison resistance
Jewellery
 a - an amulet of reflection (around neck)
 b - a ring of protection from fire
 A - the ring of Rycenius (left hand) {EV+4 Int+3 Dex+4}
   (You bought it in a shop on level 2 of the Orcish Mines)

   [ring of evasion]

   EV:        It affects your evasion (+4).
   Int:       It affects your intelligence (+3).
   Dex:       It affects your dexterity (+4).
 B - a ring of poison resistance (right hand)
 Y - a +4 ring of slaying {mikee}
Wands
 n - a wand of digging (10)
Scrolls
 d - 7 scrolls of identify
 h - 2 scrolls of brand weapon
 r - 2 scrolls of teleportation
 y - a scroll of fog {unknown}
Potions
 c - 6 potions of heal wounds
 j - 4 potions of mutation
 k - 10 potions of curing
 m - a potion of resistance
 p - 3 potions of cancellation
 q - 4 potions of might
 s - a potion of haste

Dungeon Overview and Level Annotations

Branches:
Dungeon (15/15)            Temple (0/1) D:7            Lair (5/5) D:9
 Shoals (1/4) Lair:3        Snake (3/4) Lair:2        Slime (0/5) Lair:5
    Orc (2/2) D:11            Elf (0/3) Orc:2        Vaults (0/5) D:14
 Depths (0/4) D:15

Altars:
Elyvilon
Fedhas
Nemelex Xobeh
Trog
Uskayaw
Wu Jian
Jiyva

Shops:
D:15 *   Orc:2 (=*!   Shoals:1 *   Snake:1 (=*   Snake:3 *

Portals:
Abyss: Lair:3

Annotations:
D:7 2 transporters, qw's ghost, amateur TeWr
D:9 2 runed translucent doors
Lair:3 2 transporters, qw's ghost, journeyman TrCA
Lair:4 2 transporters, qw's ghost, journeyman TrCA


Message History

The water nymph casts a spell at you. The water swirls and strikes you!!
You block the merfolk impaler's attack. The water nymph casts a spell at you.
The water swirls and strikes you!!
The merfolk hits you from afar with a +0 trident.
You block the merfolk siren's attack.
The merfolk javelineer hits you from afar with a +3 spear of pain.
You writhe in agony.
The merfolk misses you. You block the merfolk's attack.
The merfolk siren chants a haunting song.
You resist with almost no effort.
Your unstable footing causes you to fumble your attack.
You block the merfolk javelineer's attack.
The merfolk misses you. You block the merfolk's attack.
The water nymph gestures at you while chanting.
The water swirls and strikes you. You block the merfolk siren's attack.
The merfolk javelineer throws a silver javelin.
The silver javelin pierces through you!
34545 ||| READING 3 scrolls of teleportation.
As you read the scroll of teleportation, it crumbles to dust.
You feel strangely unstable. The merfolk completely misses you.
You block the merfolk impaler's attack. The water nymph casts a spell at you.
The water swirls and strikes you. The water nymph touches you.
The water nymph drowns you! You block the merfolk's attack.
You block the merfolk impaler's attack. The merfolk siren misses you.
The merfolk javelineer throws a silver javelin.
The silver javelin misses you. The merfolk misses you.
The merfolk impaler hits you but does no damage.
34546 ||| DRINKING 7 potions of heal wounds.
You feel much better. The water nymph barely misses you.
The water nymph points at you and mumbles some strange words.
The water swirls and strikes you!
The water nymph points at you and mumbles some strange words.
The water swirls and strikes you!! You block the merfolk's attack.
You block the merfolk siren's attack.
The merfolk javelineer throws a silver javelin.
The silver javelin barely misses you.
The merfolk impaler hits you with a +0 demon trident of electrocution!
You die...

#...~.(.....~~~~~
#..~~~~...~~~~~~~~~
#.~~~~~...~~~~~~~~~
##...~).)~~~~~~~~~~
#.......~~~~~~~~~~
#.......~~~~~~~~~~
#........~~~~~~~~~
#........~~~~~~~~~
#........m@m~~~~~~
#.......~.~~~~~~~~
#.......~mmmm~m~~~
#.......~~m~~~~~~~
......~~~~~~~~~~~~
...~~~~~~~~~~~~~~~
~~~~~~~~~~~~~~~~~
~~~~~~~~~~~~~~~~


You could see a merfolk impaler, a merfolk javelineer, 2 merfolk, a merfolk
siren and 3 water nymphs.

Vanquished Creatures
  Rupert (D:13)
  Gastronok (D:8)
  An orc warlord (Orc:1)
  A fire giant (D:15)
  A very ugly thing (D:15)
  5 dire elephants (Lair:5)
  Josephine (D:13)
  A great orb of eyes (D:15)
  A rakshasa (D:15)
  3 hydras
  2 boulder beetles
  6 anacondas
  A merfolk avatar (Shoals:1)
  Erica (D:10)
  6 two-headed ogres
  5 tengu warriors
  2 dancing weapons (D:14)
  4 centaur warriors
  An orc high priest (Orc:2)
  11 naga warriors
  6 shock serpents
  5 death yaks (Lair:5)
  Urug (Orc:1)
  5 naga sharpshooters
  3 spectral death yaks (Lair:5)
  A salamander mystic (Snake:3)
  A spectral anaconda (Lair:5)
  9 sea snakes (Snake:3)
  An obsidian statue (Lair:5)
  3 necromancers (Lair:5)
  4 naga ritualists (Snake:1)
  A lindwurm (Lair:4)
  2 orc knights
  6 deep elf pyromancers
  A harpy (shapeshifter) (D:14)
  2 orc sorcerers (Orc:2)
  A lindwurm (shapeshifter) (D:15)
  7 ugly things
  10 mana vipers
  5 salamanders
  9 cyclopes
  5 manticores
  21 elephants
  29 black mambas
  A torpor snail (Lair:2)
  6 guardian serpents
  Joseph (D:9)
  Maggie (D:8)
  11 naga magi
  6 rime drakes
  11 cane toads
  A dire elephant skeleton (Lair:5)
  2 gargoyles
  6 komodo dragons
  A cane toad (shapeshifter) (D:13)
  A tengu conjurer (D:13)
  An efreet (D:14)
  3 merfolk (Shoals:1)
  2 polar bears
  2 hornets (shapeshifter)
  3 trolls
  Prince Ribbit (D:7)
  Grinder (D:5)
  A hornet (D:9)
  A raiju (shapeshifter) (D:15)
  4 spectral elephants (Lair:5)
  8 slime creatures
  19 blink frogs
  2 shadows
  A spriggan (Lair:3)
  Sigmund (D:2)
  2 wyverns
  2 water elementals (Shoals:1)
  4 wraiths
  41 yaks
  4 basilisks
  A steam dragon (D:8)
  Grum (D:8)
  A death yak simulacrum (Lair:5)
  6 vampire mosquitoes
  2 spectral cane toads (Lair:5)
  Menkaure (D:5)
  30 nagas
  Duvessa (D:4)
  4 wargs
  3 acid dragons
  Edmund (D:5)
  13 water moccasins
  A swamp drake (D:11)
  2 elephant zombies (Lair:5)
  4 sky beasts
  3 black bears
  A black bear (shapeshifter) (D:14)
  2 ice beasts
  3 ogres (Orc:1)
  16 orc warriors
  7 wolves
  9 centaurs
  A boggart (D:15)
  3 elephant skeletons (Lair:5)
  3 kobold brigands
  A phantom (D:7)
  A necrophage (D:7)
  13 bullfrogs
  2 cane toad simulacra (Lair:5)
  A gnoll sergeant (D:6)
  2 scorpions
  8 wights
  Dowan (D:4)
  6 killer bees (D:10)
  An elephant simulacrum (Lair:5)
  3 electric eels
  3 hounds
  2 jellies
  3 gnoll boudas
  26 orc priests
  Terence (D:3)
  5 iguanas
  19 orc wizards
  20 gnolls
  12 adders
  A shadow imp (D:6)
  A white imp (D:7)
  2 ufetubi
  4 worms
  2 dart slugs
  75 orcs
  9 endoplasms
  5 giant cockroaches
  6 goblins
  5 hobgoblins
  11 jackals
  3 quokkas
  8 ball pythons
  7 bats
  4 frilled lizards
  17 kobolds
  6 rats
759 creatures vanquished.

Vanquished Creatures (collateral kills)
  2 hydras
  A boulder beetle (D:12)
  3 orc high priests (Orc:2)
  2 naga sharpshooters
  Sonja (Orc:2)
  A salamander (Snake:3)
  A komodo dragon (Lair:5)
  2 yaks (Lair:2)
  A naga (Snake:1)
  An orc warrior (Orc:2)
  2 boggarts (D:15)
  4 orc priests (Orc:2)
  2 orc wizards (Orc:2)
23 creatures vanquished.

Vanquished Creatures (others)
  A merfolk aquamancer (Shoals:1)
  A merfolk (Shoals:1)
  21 fungi
  60 plants
  22 withered plants (Lair:5)
105 creatures vanquished.

Grand Total: 887 creatures vanquished

Notes
Turn   | Place    | Note
-------+----------+-------------------------------------------
     0 | D:1      | qw the Minotaur Berserker began the quest for the Orb.
     0 | D:1      | Reached XP level 1. HP: 19/19 MP: 0/0
     0 | D:1      | 0 ||| qw: Version: 0.1-a-103-gd6f5d3a
     0 | D:1      | 0 ||| qw: Game counter: 5589
     0 | D:1      | 0 ||| qw: Always use a shield: true
     0 | D:1      | 0 ||| qw: Do Orc after D:15 true
     0 | D:1      | 0 ||| qw: Do second Lair branch before Depths: true
     0 | D:1      | 0 ||| qw: Lair rune preference: random
     0 | D:1      | 0 ||| qw: Plans: Normal
     0 | D:1      | 0 ||| PLANNING D:1-11
   204 | D:1      | 204 ||| Stepping ~*~*~tactically~*~*~ (hiding).
   364 | D:1      | 364 ||| Stepping ~*~*~tactically~*~*~ (hiding).
   466 | D:1      | 466 ||| Stepping ~*~*~tactically~*~*~ (hiding).
   473 | D:1      | Reached XP level 2. HP: 14/26 MP: 1/1
   783 | D:1      | Found a faded altar of an unknown god.
  1023 | D:1      | 1023 ||| UPGRADING to +0 leather armour.
  1033 | D:1      | 1033 ||| DROPPING +0 animal skin.
  1034 | D:1      | 1034 ||| UPGRADING to +0 ring mail.
  1044 | D:1      | 1044 ||| DROPPING +0 leather armour.
  1045 | D:1      | 1045 ||| UPGRADING to ring of willpower.
  1046 | D:1      | 1046 ||| READING scroll labelled JISULOTUYM.
  1147 | D:1      | 1147 ||| READING scroll labelled YPSIWE MIUNK.
  1148 | D:1      | 1148 ||| READING scroll labelled LIOQAC OMMAL.
  1293 | D:1      | 1293 ||| READING scroll labelled BIAG DUPHE.
  1294 | D:1      | 1294 ||| READING scroll labelled HUFOPP PAUSEJ.
  1295 | D:1      | 1295 ||| READING scroll labelled EGUVEBLOGIF.
  1296 | D:1      | 1296 ||| DRINKING 2 fizzy puce potions.
  1297 | D:1      | 1297 ||| Stepping randomly (stuck).
  1298 | D:1      | 1298 ||| Stepping ~*~*~tactically~*~*~ (cloud).
  1301 | D:1      | HP: 6/26 [poisoned by you (poison gas)]
  1306 | D:1      | HP: 2/26 [poisoned by you (poison gas)]
  1637 | D:2      | 1637 ||| STAIRDANCE
  1642 | D:2      | 1642 ||| STAIRDANCE
  1685 | D:2      | 1685 ||| Stepping ~*~*~tactically~*~*~ (stealth).
  1686 | D:2      | 1686 ||| Stepping ~*~*~tactically~*~*~ (stealth).
  1701 | D:2      | 1701 ||| INVOKING Berserk.
  1703 | D:2      | Reached XP level 3. HP: 19/31 MP: 2/2
  1800 | D:2      | 1800 ||| FLEEEEING.
  1831 | D:2      | 1831 ||| FLEEEEING.
  1834 | D:2      | 1834 ||| STAIRDANCE
  2050 | D:2      | 2050 ||| INVOKING Berserk.
  2149 | D:2      | 2149 ||| DROPPING +0 club.
  2385 | D:2      | Noticed Sigmund
  2386 | D:2      | 2386 ||| Stepping ~*~*~tactically~*~*~ (hiding).
  2391 | D:2      | 2391 ||| INVOKING Berserk.
  2392 | D:2      | Killed Sigmund
  2393 | D:2      | Reached XP level 4. HP: 39/39 MP: 3/3
  2393 | D:2      | Reached XP level 5. HP: 45/45 MP: 4/4
  2752 | D:2      | 2752 ||| READING 2 scrolls labelled HEGGERGH JIYSOA.
  2781 | D:3      | 2781 ||| STAIRDANCE
  2787 | D:2      | Reached ** piety under Trog
  2806 | D:3      | Reached skill level 4 in Fighting
  2830 | D:3      | 2830 ||| DROPPING +0 mace.
  3040 | D:3      | 3040 ||| Stepping ~*~*~tactically~*~*~ (hiding).
  3042 | D:3      | 3042 ||| INVOKING Berserk.
  3046 | D:3      | Reached XP level 6. HP: 52/52 MP: 5/5
  3280 | D:3      | 3280 ||| Stepping ~*~*~tactically~*~*~ (stealth).
  3354 | D:3      | Noticed Terence
  3360 | D:3      | 3360 ||| INVOKING Berserk.
  3367 | D:3      | Killed Terence
  3830 | D:3      | 3830 ||| UPGRADING to +0 scale mail.
  3840 | D:3      | 3840 ||| DROPPING +0 ring mail.
  3841 | D:3      | 3841 ||| READING scroll labelled UPOURPH LEUN.
  3846 | D:3      | 3846 ||| READING 4 scrolls of identify.
  3846 | D:3      | 3846 ||| IDENTIFYING viscous red potion
  3847 | D:3      | 3847 ||| READING 3 scrolls of identify.
  3847 | D:3      | 3847 ||| IDENTIFYING white potion
  3848 | D:3      | 3848 ||| READING 2 scrolls of identify.
  3848 | D:3      | 3848 ||| IDENTIFYING blue potion
  3849 | D:3      | 3849 ||| DROPPING potion of attraction.
  3850 | D:3      | 3850 ||| DROPPING potion of invisibility.
  3851 | D:3      | 3851 ||| DROPPING potion of flight.
  3896 | D:4      | 3896 ||| STAIRDANCE
  3972 | D:4      | 3972 ||| Stepping ~*~*~tactically~*~*~ (stealth).
  4031 | D:4      | Found a hide-covered altar of Uskayaw.
  4031 | D:4      | Noticed a +0 hand axe
  4031 | D:4      | Noticed a +0 dagger
  4043 | D:4      | 4043 ||| Stepping ~*~*~tactically~*~*~ (stealth).
  4090 | D:4      | Found an ornate altar of the Wu Jian Council.
  4140 | D:4      | 4140 ||| Stepping ~*~*~tactically~*~*~ (stealth).
  4141 | D:4      | 4141 ||| Stepping ~*~*~tactically~*~*~ (stealth).
  4147 | D:4      | Reached skill level 9 in Axes
  4256 | D:4      | Noticed Duvessa
  4257 | D:4      | Noticed Dowan
  4260 | D:4      | 4260 ||| INVOKING Berserk.
  4265 | D:4      | Killed Duvessa
  4266 | D:4      | Reached skill level 5 in Fighting
  4266 | D:4      | Reached XP level 7. HP: 61/61 MP: 6/6
  4271 | D:4      | Killed Dowan
  4271 | D:4      | Reached *** piety under Trog
  4435 | D:4      | 4435 ||| Stepping ~*~*~tactically~*~*~ (hiding).
  4443 | D:4      | 4443 ||| FLEEEEING.
  4510 | D:4      | 4510 ||| Stepping ~*~*~tactically~*~*~ (stealth).
  4511 | D:4      | 4511 ||| Stepping ~*~*~tactically~*~*~ (stealth).
  4519 | D:4      | 4519 ||| Stepping ~*~*~tactically~*~*~ (stealth).
  4732 | D:4      | 4732 ||| UPGRADING to +0 chain mail.
  4742 | D:4      | 4742 ||| DROPPING +0 scale mail.
  4743 | D:4      | 4743 ||| READING scroll labelled JEPPEA URIOPIZE.
  4744 | D:4      | 4744 ||| READING 2 scrolls labelled RUDDOA AWITA.
  4745 | D:4      | 4745 ||| READING 5 scrolls of identify.
  4745 | D:4      | 4745 ||| IDENTIFYING sedimented yellow potion
  4746 | D:4      | 4746 ||| READING 4 scrolls of identify.
  4746 | D:4      | 4746 ||| IDENTIFYING murky coppery potion
  4747 | D:4      | 4747 ||| READING 3 scrolls of identify.
  4747 | D:4      | 4747 ||| IDENTIFYING bubbling pink potion
  4748 | D:4      | 4748 ||| READING 2 scrolls of identify.
  4748 | D:4      | 4748 ||| IDENTIFYING dark potion
  4749 | D:4      | 4749 ||| DROPPING scroll of blinking.
  4750 | D:4      | 4750 ||| DROPPING potion of magic.
  4751 | D:4      | 4751 ||| DROPPING potion of berserk rage.
  4752 | D:4      | 4752 ||| DROPPING potion of lignification.
  4772 | D:5      | Entered Level 5 of the Dungeon
  4786 | D:5      | Reached skill level 3 in Armour
  5017 | D:5      | HP: 14/61 [something (2)]
  5408 | D:5      | Noticed Grinder
  5408 | D:5      | Noticed Edmund
  5409 | D:5      | 5409 ||| Stepping ~*~*~tactically~*~*~ (hiding).
  5411 | D:5      | 5411 ||| INVOKING Trog's Hand.
  5412 | D:5      | 5412 ||| INVOKING Berserk.
  5420 | D:5      | Killed Edmund
  5421 | D:5      | Reached skill level 6 in Fighting
  5421 | D:5      | Reached XP level 8. HP: 71/71 MP: 7/7
  5424 | D:5      | Killed Grinder
  5541 | D:5      | 5541 ||| Stepping ~*~*~tactically~*~*~ (hiding).
  5660 | D:5      | 5660 ||| INVOKING Berserk.
  5779 | D:5      | 5779 ||| Stepping ~*~*~tactically~*~*~ (hiding).
  5938 | D:5      | Noticed Menkaure
  5942 | D:5      | 5942 ||| INVOKING Berserk.
  5944 | D:5      | Killed Menkaure
  6203 | D:5      | 6203 ||| READING scroll labelled BAQ QABOSMEY.
  6231 | D:6      | 6231 ||| PLANNING SEWER
  6244 | D:6      | 6244 ||| INVOKING Berserk.
  6487 | D:6      | Reached skill level 12 in Axes
  6491 | D:6      | 6491 ||| INVOKING Berserk.
  6493 | D:6      | Reached skill level 7 in Fighting
  6727 | D:6      | 6727 ||| SWAPPING to +3 hand axe.
  6728 | D:6      | 6728 ||| DROPPING +1 hand axe of chaos.
  6731 | D:6      | 6731 ||| DROPPING +0 flail.
  6751 | D:6      | 6751 ||| INVOKING Berserk.
  6895 | D:6      | 6895 ||| Stepping ~*~*~tactically~*~*~ (hiding).
  6907 | D:6      | 6907 ||| RIP SEWER
  6908 | D:6      | 6908 ||| PLANNING D:1-11
  6965 | D:6      | 6965 ||| Stepping ~*~*~tactically~*~*~ (stealth).
  6971 | D:6      | 6971 ||| INVOKING Berserk.
  6976 | D:6      | Reached XP level 9. HP: 79/79 MP: 8/8
  7141 | D:6      | 7141 ||| Stepping ~*~*~tactically~*~*~ (hiding).
  7386 | D:6      | 7386 ||| READING 3 scrolls of identify.
  7386 | D:6      | 7386 ||| IDENTIFYING viscous silvery potion
  7387 | D:6      | 7387 ||| READING 2 scrolls of identify.
  7387 | D:6      | 7387 ||| IDENTIFYING grey potion
  7388 | D:6      | 7388 ||| DROPPING potion of degeneration.
  7389 | D:6      | 7389 ||| READING scroll of teleportation.
  7544 | D:6      | 7544 ||| Stepping ~*~*~tactically~*~*~ (hiding).
  7683 | D:6      | 7683 ||| Stepping ~*~*~tactically~*~*~ (stealth).
  7794 | D:7      | 7794 ||| INVOKING Berserk.
  7796 | D:7      | Found a transporter.
  7867 | D:7      | Found a transporter.
  7903 | D:7      | Reached skill level 8 in Fighting
  7904 | D:7      | 7904 ||| Stepping ~*~*~tactically~*~*~ (hiding).
  7913 | D:7      | 7913 ||| INVOKING Berserk.
  8289 | D:7      | Noticed qw's ghost (amateur TeWr)
  8341 | D:7      | 8341 ||| Stepping ~*~*~tactically~*~*~ (stealth).
  8343 | D:7      | Found a blossoming altar of Fedhas.
  8353 | D:7      | Reached **** piety under Trog
  8394 | D:7      | 8394 ||| Stepping ~*~*~tactically~*~*~ (stealth).
  8414 | D:7      | 8414 ||| Stepping ~*~*~tactically~*~*~ (stealth).
  8465 | D:7      | 8465 ||| Stepping ~*~*~tactically~*~*~ (stealth).
  8467 | D:7      | 8467 ||| Stepping ~*~*~tactically~*~*~ (stealth).
  8468 | D:7      | 8468 ||| Stepping ~*~*~tactically~*~*~ (stealth).
  8469 | D:7      | 8469 ||| Stepping ~*~*~tactically~*~*~ (stealth).
  8470 | D:7      | 8470 ||| Stepping ~*~*~tactically~*~*~ (stealth).
  8530 | D:7      | 8530 ||| Stepping ~*~*~tactically~*~*~ (stealth).
  8533 | D:7      | 8533 ||| Stepping ~*~*~tactically~*~*~ (hiding).
  8541 | D:7      | 8541 ||| Stepping ~*~*~tactically~*~*~ (stealth).
  8563 | D:7      | 8563 ||| INVOKING Berserk.
  8570 | D:7      | Reached skill level 1 in Throwing
  8699 | D:7      | Found a staircase to the Ecumenical Temple.
  8930 | D:7      | Noticed Prince Ribbit
  8933 | D:7      | 8933 ||| INVOKING Berserk.
  8941 | D:7      | Killed Prince Ribbit
  9449 | D:7      | 9449 ||| UPGRADING to +4 ring of slaying {mikee}.
  9506 | D:8      | 9506 ||| Stepping ~*~*~tactically~*~*~ (stealth).
  9509 | D:8      | 9509 ||| INVOKING Berserk.
  9514 | D:8      | Reached skill level 3 in Dodging
  9719 | D:8      | 9719 ||| Stepping ~*~*~tactically~*~*~ (stealth).
  9726 | D:8      | 9726 ||| Stepping ~*~*~tactically~*~*~ (hiding).
  9733 | D:8      | 9733 ||| INVOKING Berserk.
  9862 | D:8      | 9862 ||| Stepping ~*~*~tactically~*~*~ (stealth).
  9867 | D:8      | 9867 ||| INVOKING Berserk.
  9958 | D:8      | 9958 ||| Stepping ~*~*~tactically~*~*~ (hiding).
  9961 | D:8      | 9961 ||| INVOKING Berserk.
  9966 | D:8      | Reached skill level 9 in Fighting
  9978 | D:8      | Reached skill level 6 in Armour
  9978 | D:8      | Reached XP level 10. HP: 66/91 MP: 9/9
  9989 | D:8      | 9989 ||| Stepping ~*~*~tactically~*~*~ (stealth).
 10314 | D:8      | 10314 ||| INVOKING Berserk.
 10486 | D:8      | Noticed Gastronok
 10487 | D:8      | 10487 ||| Stepping ~*~*~tactically~*~*~ (hiding).
 10489 | D:8      | 10489 ||| INVOKING Berserk.
 10497 | D:8      | Killed Gastronok
 10498 | D:8      | Reached skill level 11 in Fighting
 10604 | D:8      | Noticed Maggie
 10621 | D:8      | Killed Maggie
 10727 | D:8      | 10727 ||| SWAPPING to +1 war axe of draining.
 10728 | D:8      | 10728 ||| DROPPING +3 hand axe.
 10765 | D:8      | 10765 ||| Stepping ~*~*~tactically~*~*~ (stealth).
 10787 | D:8      | Noticed Grum
 10789 | D:8      | 10789 ||| INVOKING Berserk.
 10793 | D:8      | Killed Grum
 11107 | D:8      | 11107 ||| UPGRADING to +0 pair of gloves.
 11112 | D:8      | 11112 ||| UPGRADING to +2 hat of willpower.
 11117 | D:8      | 11117 ||| UPGRADING to amulet of the acrobat.
 11122 | D:8      | 11122 ||| READING 2 scrolls of identify.
 11122 | D:8      | 11122 ||| IDENTIFYING fuming green potion
 11123 | D:8      | 11123 ||| DROPPING potion of ambrosia.
 11151 | D:9      | 11151 ||| STAIRDANCE
 11319 | D:9      | Reached skill level 15 in Axes
 11677 | D:9      | Found a staircase to the Lair.
 11679 | D:9      | 11679 ||| Stepping ~*~*~tactically~*~*~ (hiding).
 11682 | D:9      | Noticed Joseph
 11688 | D:9      | Reached XP level 11. HP: 86/102 MP: 10/10
 11697 | D:9      | 11697 ||| INVOKING Berserk.
 11698 | D:9      | Killed Joseph
 12060 | D:9      | Found a runed translucent door.
 12062 | D:9      | Found a runed translucent door.
 12132 | D:9      | Noticed a two-headed ogre
 12135 | D:9      | 12135 ||| INVOKING Berserk.
 12139 | D:9      | Killed a two-headed ogre
 12299 | D:9      | 12299 ||| Stepping ~*~*~tactically~*~*~ (hiding).
 12562 | D:9      | 12562 ||| DROPPING ring of flight.
 12563 | D:9      | 12563 ||| PLANNING LAIR
 12563 | D:9      | 12563 ||| READING scroll labelled YBRIPH FAISUDE.
 12564 | D:9      | 12564 ||| READING 2 scrolls of identify.
 12564 | D:9      | 12564 ||| IDENTIFYING viscous sapphire potion
 12623 | Lair:1   | Entered Level 1 of the Lair of Beasts
 12624 | Lair:1   | 12624 ||| PLANNING GAUNTLET
 12637 | Lair:1   | 12637 ||| Stepping ~*~*~tactically~*~*~ (stealth).
 12710 | Lair:1   | 12710 ||| INVOKING Berserk.
 12792 | Lair:1   | 12792 ||| INVOKING Berserk.
 12898 | Lair:1   | 12898 ||| INVOKING Berserk.
 13027 | Lair:1   | 13027 ||| Stepping ~*~*~tactically~*~*~ (stealth).
 13030 | Lair:1   | 13030 ||| INVOKING Berserk.
 13035 | Lair:1   | Found a gate leading to a gauntlet.
 13046 | Lair:1   | Reached skill level 12 in Fighting
 13192 | Lair:1   | 13192 ||| Stepping ~*~*~tactically~*~*~ (stealth).
 13211 | Lair:1   | Reached skill level 9 in Armour
 13318 | Lair:1   | 13318 ||| INVOKING Berserk.
 13489 | Lair:1   | 13489 ||| RIP GAUNTLET
 13489 | Lair:1   | 13489 ||| PLANNING LAIR
 13865 | Lair:1   | 13865 ||| READING scroll labelled ALYTINAS REEVE.
 13886 | Lair:2   | 13886 ||| Stepping ~*~*~tactically~*~*~ (stealth).
 13888 | Lair:2   | 13888 ||| INVOKING Berserk.
 13899 | Lair:2   | 13899 ||| FLEEEEING.
 13900 | Lair:2   | 13900 ||| STAIRDANCE
 13961 | Lair:2   | 13961 ||| INVOKING Berserk.
 13962 | Lair:2   | 13962 ||| STAIRDANCE
 14097 | Lair:2   | 14097 ||| INVOKING Berserk.
 14126 | Lair:2   | 14126 ||| FLEEEEING.
 14127 | Lair:2   | 14127 ||| FLEEEEING.
 14128 | Lair:2   | 14128 ||| STAIRDANCE
 14232 | Lair:2   | 14232 ||| STAIRDANCE
 14286 | Lair:2   | 14286 ||| INVOKING Berserk.
 14288 | Lair:2   | Reached skill level 13 in Fighting
 14293 | Lair:2   | Reached skill level 3 in Throwing
 14407 | Lair:2   | 14407 ||| READING scroll of enchant weapon.
 14407 | Lair:2   | 14407 ||| ENCHANTING +1 war axe of draining.
 14410 | Lair:2   | Found a staircase to the Snake Pit.
 14414 | Lair:2   | 14414 ||| READING scroll of enchant weapon.
 14414 | Lair:2   | 14414 ||| ENCHANTING +2 war axe of draining.
 14420 | Lair:2   | 14420 ||| INVOKING Berserk.
 14543 | Lair:2   | 14543 ||| FLEEEEING.
 14544 | Lair:2   | 14544 ||| FLEEEEING.
 14545 | Lair:2   | 14545 ||| FLEEEEING.
 14546 | Lair:2   | 14546 ||| FLEEEEING.
 14547 | Lair:2   | 14547 ||| FLEEEEING.
 14548 | Lair:2   | 14548 ||| FLEEEEING.
 14549 | Lair:2   | 14549 ||| FLEEEEING.
 14551 | Lair:2   | 14551 ||| FLEEEEING.
 14553 | Lair:2   | 14553 ||| INVOKING Berserk.
 14638 | Lair:2   | Noticed a five-headed hydra
 14639 | Lair:2   | 14639 ||| INVOKING Brothers in Arms.
 14640 | Lair:2   | 14640 ||| INVOKING Brothers in Arms.
 14641 | Lair:2   | 14641 ||| INVOKING Brothers in Arms.
 14642 | Lair:2   | 14642 ||| INVOKING Brothers in Arms.
 14643 | Lair:2   | 14643 ||| SWAPPING to +3 morningstar.
 14644 | Lair:2   | 14644 ||| Stepping ~*~*~tactically~*~*~ (outnumbered).
 14645 | Lair:2   | 14645 ||| Stepping ~*~*~tactically~*~*~ (outnumbered).
 14647 | Lair:2   | Reached XP level 12. HP: 96/115 MP: 11/11
 14647 | Lair:2   | 14647 ||| INVOKING Berserk.
 14649 | Lair:2   | Killed a five-headed hydra
 14651 | Lair:2   | Reached skill level 6 in Dodging
 14703 | Lair:2   | 14703 ||| SWAPPING to +3 war axe of draining.
 14706 | Lair:2   | 14706 ||| Stepping ~*~*~tactically~*~*~ (stealth).
 14853 | Lair:2   | 14853 ||| INVOKING Berserk.
 14866 | Lair:2   | Reached skill level 14 in Fighting
 15193 | Lair:2   | 15193 ||| UPGRADING to +0 cloak.
 15198 | Lair:2   | 15198 ||| DRINKING 2 red potions.
 15199 | Lair:2   | 15199 ||| READING 2 scrolls of identify.
 15199 | Lair:2   | 15199 ||| IDENTIFYING amethyst potion
 15200 | Lair:2   | 15200 ||| DROPPING potion of brilliance.
 15341 | Lair:3   | 15341 ||| UPGRADING to +2 ring mail of poison resistance.
 15351 | Lair:3   | 15351 ||| INVOKING Berserk.
 15496 | Lair:3   | 15496 ||| READING scroll labelled OTAVUHUCOQ.
 15513 | Lair:3   | Found a transporter.
 15527 | Lair:3   | Noticed a hell hog
 15534 | Lair:3   | Found a staircase to the Shoals.
 15585 | Lair:3   | Noticed a hell hog
 15590 | Lair:3   | 15590 ||| READING scroll of enchant weapon.
 15590 | Lair:3   | 15590 ||| ENCHANTING +3 war axe of draining.
 15608 | Lair:3   | Found a transporter.
 15611 | Lair:3   | Found a one-way gate to the infinite horrors of the Abyss.
 15613 | Lair:3   | Noticed qw's ghost (journeyman TrCA)
 15629 | Lair:3   | 15629 ||| Stepping ~*~*~tactically~*~*~ (stealth).
 15888 | Lair:3   | 15888 ||| Stepping ~*~*~tactically~*~*~ (stealth).
 15905 | Lair:3   | 15905 ||| INVOKING Berserk.
 16310 | Lair:4   | 16310 ||| Stepping ~*~*~tactically~*~*~ (stealth).
 16321 | Lair:4   | Reached skill level 15 in Fighting
 16331 | Lair:4   | 16331 ||| FLEEEEING.
 16347 | Lair:4   | Reached skill level 16 in Fighting
 16627 | Lair:4   | Found a transporter.
 16639 | Lair:4   | Found a bloodstained altar of Trog.
 16639 | Lair:4   | Noticed qw's ghost (journeyman TrCA)
 16685 | Lair:4   | Reached skill level 9 in Dodging
 16685 | Lair:4   | Reached XP level 13. HP: 98/128 MP: 12/12
 16685 | Lair:4   | 16685 ||| FLEEEEING.
 16686 | Lair:4   | 16686 ||| FLEEEEING.
 16687 | Lair:4   | 16687 ||| FLEEEEING.
 16688 | Lair:4   | 16688 ||| FLEEEEING.
 16689 | Lair:4   | 16689 ||| FLEEEEING.
 16690 | Lair:4   | 16690 ||| FLEEEEING.
 16691 | Lair:4   | 16691 ||| FLEEEEING.
 16692 | Lair:4   | 16692 ||| FLEEEEING.
 16693 | Lair:4   | 16693 ||| FLEEEEING.
 16694 | Lair:4   | 16694 ||| FLEEEEING.
 16695 | Lair:4   | 16695 ||| FLEEEEING.
 16696 | Lair:4   | 16696 ||| FLEEEEING.
 16697 | Lair:4   | 16697 ||| FLEEEEING.
 16698 | Lair:4   | 16698 ||| FLEEEEING.
 16699 | Lair:4   | 16699 ||| FLEEEEING.
 16700 | Lair:4   | 16700 ||| FLEEEEING.
 16701 | Lair:4   | 16701 ||| FLEEEEING.
 16702 | Lair:4   | 16702 ||| FLEEEEING.
 16703 | Lair:4   | 16703 ||| FLEEEEING.
 16704 | Lair:4   | 16704 ||| FLEEEEING.
 16705 | Lair:4   | 16705 ||| STAIRDANCE
 16873 | Lair:4   | 16873 ||| INVOKING Berserk.
 16877 | Lair:4   | Reached ***** piety under Trog
 17232 | Lair:4   | Found a transporter.
 17259 | Lair:4   | 17259 ||| Stepping ~*~*~tactically~*~*~ (stealth).
 17261 | Lair:4   | 17261 ||| Stepping ~*~*~tactically~*~*~ (hiding).
 17368 | Lair:4   | 17368 ||| Stepping ~*~*~tactically~*~*~ (hiding).
 17529 | Lair:4   | Identified the +5 chain mail "Doududot" {rPois rC+ Stlth-}
 17620 | Lair:4   | 17620 ||| Stepping ~*~*~tactically~*~*~ (hiding).
 17773 | Lair:5   | Entered Level 5 of the Lair of Beasts
 17777 | Lair:5   | 17777 ||| STAIRDANCE
 17828 | Lair:5   | 17828 ||| STAIRDANCE
 17886 | Lair:5   | 17886 ||| Stepping ~*~*~tactically~*~*~ (stealth).
 17887 | Lair:5   | 17887 ||| Stepping ~*~*~tactically~*~*~ (stealth).
 17893 | Lair:5   | 17893 ||| INVOKING Berserk.
 17896 | Lair:5   | Reached skill level 17 in Fighting
 17901 | Lair:5   | 17901 ||| STAIRDANCE
 18009 | Lair:5   | 18009 ||| READING scroll of enchant armour.
 18009 | Lair:5   | 18009 ||| ENCHANTING +0 pair of gloves.
 18042 | Lair:5   | Found a viscous altar of Jiyva.
 18042 | Lair:5   | Found a staircase to the Slime Pits.
 18454 | Lair:5   | 18454 ||| INVOKING Berserk.
 18551 | Lair:5   | 18551 ||| INVOKING Berserk.
 18566 | Lair:5   | Reached skill level 18 in Fighting
 18695 | Lair:5   | 18695 ||| Stepping ~*~*~tactically~*~*~ (stealth).
 18697 | Lair:5   | 18697 ||| Stepping ~*~*~tactically~*~*~ (stealth).
 18706 | Lair:5   | 18706 ||| INVOKING Brothers in Arms.
 18708 | Lair:5   | 18708 ||| SWAPPING to +3 morningstar.
 18709 | Lair:5   | 18709 ||| INVOKING Berserk.
 18717 | Lair:5   | 18717 ||| SWAPPING to +4 war axe of draining.
 18745 | Lair:5   | 18745 ||| FLEEEEING.
 18749 | Lair:5   | 18749 ||| FLEEEEING.
 18750 | Lair:5   | 18750 ||| FLEEEEING.
 18751 | Lair:5   | 18751 ||| FLEEEEING.
 18754 | Lair:5   | 18754 ||| INVOKING Berserk.
 18896 | Lair:5   | Identified the +1 leather armour "Fugep" {Drain rN+ Str+4
                  | Dex+6}
 19143 | Lair:5   | Noticed a dire elephant
 19143 | Lair:5   | Noticed a dire elephant
 19143 | Lair:5   | Noticed a dire elephant
 19149 | Lair:5   | Noticed a dire elephant
 19150 | Lair:5   | 19150 ||| INVOKING Berserk.
 19158 | Lair:5   | Killed a dire elephant
 19355 | Lair:5   | 19355 ||| Stepping ~*~*~tactically~*~*~ (stealth).
 19356 | Lair:5   | 19356 ||| Stepping ~*~*~tactically~*~*~ (stealth).
 19395 | Lair:5   | 19395 ||| Stepping ~*~*~tactically~*~*~ (stealth).
 19431 | Lair:5   | Noticed a dire elephant
 19432 | Lair:5   | 19432 ||| INVOKING Berserk.
 19440 | Lair:5   | Killed a dire elephant
 19589 | Lair:5   | 19589 ||| Stepping ~*~*~tactically~*~*~ (stealth).
 19606 | Lair:5   | Reached skill level 19 in Fighting
 19783 | Lair:5   | 19783 ||| INVOKING Brothers in Arms.
 19784 | Lair:5   | 19784 ||| INVOKING Brothers in Arms.
 19794 | Lair:5   | 19794 ||| INVOKING Berserk.
 19979 | Lair:5   | 19979 ||| INVOKING Berserk.
 19986 | Lair:5   | Killed a dire elephant
 19990 | Lair:5   | Killed a dire elephant
 20000 | Lair:5   | Killed a dire elephant
 20001 | Lair:5   | Reached XP level 14. HP: 146/146 MP: 13/13
 20005 | Lair:5   | 20005 ||| Stepping ~*~*~tactically~*~*~ (stealth).
 20034 | Lair:5   | 20034 ||| FLEEEEING.
 20035 | Lair:5   | 20035 ||| FLEEEEING.
 20036 | Lair:5   | 20036 ||| FLEEEEING.
 20049 | Lair:5   | 20049 ||| FLEEEEING.
 20050 | Lair:5   | 20050 ||| FLEEEEING.
 20051 | Lair:5   | 20051 ||| FLEEEEING.
 20052 | Lair:5   | 20052 ||| FLEEEEING.
 20053 | Lair:5   | 20053 ||| FLEEEEING.
 20054 | Lair:5   | 20054 ||| FLEEEEING.
 20055 | Lair:5   | 20055 ||| FLEEEEING.
 20056 | Lair:5   | 20056 ||| FLEEEEING.
 20057 | Lair:5   | 20057 ||| FLEEEEING.
 20058 | Lair:5   | 20058 ||| FLEEEEING.
 20059 | Lair:5   | 20059 ||| FLEEEEING.
 20065 | Lair:5   | 20065 ||| FLEEEEING.
 20068 | Lair:5   | 20068 ||| FLEEEEING.
 20069 | Lair:5   | 20069 ||| FLEEEEING.
 20070 | Lair:5   | 20070 ||| FLEEEEING.
 20071 | Lair:5   | 20071 ||| FLEEEEING.
 20072 | Lair:5   | 20072 ||| FLEEEEING.
 20073 | Lair:5   | 20073 ||| FLEEEEING.
 20074 | Lair:5   | 20074 ||| FLEEEEING.
 20075 | Lair:5   | 20075 ||| FLEEEEING.
 20076 | Lair:5   | 20076 ||| FLEEEEING.
 20077 | Lair:5   | 20077 ||| FLEEEEING.
 20078 | Lair:5   | 20078 ||| FLEEEEING.
 20079 | Lair:5   | 20079 ||| FLEEEEING.
 20080 | Lair:5   | 20080 ||| FLEEEEING.
 20081 | Lair:5   | 20081 ||| FLEEEEING.
 20082 | Lair:5   | 20082 ||| FLEEEEING.
 20083 | Lair:5   | 20083 ||| FLEEEEING.
 20399 | Lair:5   | 20399 ||| Stepping ~*~*~tactically~*~*~ (hiding).
 20412 | Lair:5   | Reached skill level 20 in Fighting
 20418 | Lair:5   | 20418 ||| FLEEEEING.
 20419 | Lair:5   | 20419 ||| FLEEEEING.
 20420 | Lair:5   | 20420 ||| FLEEEEING.
 20421 | Lair:5   | 20421 ||| FLEEEEING.
 20422 | Lair:5   | 20422 ||| FLEEEEING.
 20423 | Lair:5   | 20423 ||| FLEEEEING.
 20795 | Lair:5   | 20795 ||| PLANNING D:1-11
 20795 | Lair:5   | 20795 ||| READING scroll labelled LUFOGA FIXO.
 20795 | Lair:5   | Identified a scroll of acquirement
 20795 | Lair:5   | 20795 ||| ACQUIRING +1 broad axe of flaming
 20795 | Lair:5   | Acquired a +1 broad axe of flaming
 20797 | Lair:5   | 20797 ||| SWAPPING to +1 broad axe of flaming.
 20798 | Lair:5   | 20798 ||| DROPPING +3 morningstar.
 20799 | Lair:5   | 20799 ||| DROPPING +4 war axe of draining.
 20800 | Lair:5   | 20800 ||| READING 2 scrolls of identify.
 20800 | Lair:5   | 20800 ||| IDENTIFYING yellow potion
 20928 | D:10     | Entered Level 10 of the Dungeon
 21023 | D:10     | 21023 ||| Stepping ~*~*~tactically~*~*~ (stealth).
 21025 | D:10     | 21025 ||| Stepping ~*~*~tactically~*~*~ (stealth).
 21173 | D:10     | Noticed Erica
 21174 | D:10     | 21174 ||| Stepping ~*~*~tactically~*~*~ (hiding).
 21177 | D:10     | 21177 ||| INVOKING Berserk.
 21183 | D:10     | Killed Erica
 21386 | D:10     | 21386 ||| Stepping ~*~*~tactically~*~*~ (stealth).
 21486 | D:10     | 21486 ||| READING scroll of brand weapon.
 21486 | D:10     | 21486 ||| BRANDING +1 broad axe of flaming.
 21531 | D:10     | 21531 ||| Stepping ~*~*~tactically~*~*~ (hiding).
 21761 | D:10     | 21761 ||| READING 3 scrolls of identify.
 21761 | D:10     | 21761 ||| IDENTIFYING coppery potion
 21766 | D:11     | Found the +6 shillelagh "Devastator" {shatter}
 21767 | D:11     | 21767 ||| Stepping ~*~*~tactically~*~*~ (hiding).
 21769 | D:11     | 21769 ||| INVOKING Berserk.
 21913 | D:11     | 21913 ||| DROPPING +0 flail.
 21935 | D:11     | 21935 ||| Stepping ~*~*~tactically~*~*~ (hiding).
 21937 | D:11     | 21937 ||| Stepping ~*~*~tactically~*~*~ (hiding).
 22128 | D:11     | 22128 ||| READING scroll of enchant armour.
 22128 | D:11     | 22128 ||| ENCHANTING +1 pair of gloves.
 22645 | D:11     | 22645 ||| FLEEEEING.
 22646 | D:11     | 22646 ||| FLEEEEING.
 22647 | D:11     | 22647 ||| FLEEEEING.
 22648 | D:11     | 22648 ||| FLEEEEING.
 22649 | D:11     | 22649 ||| FLEEEEING.
 22650 | D:11     | 22650 ||| FLEEEEING.
 22734 | D:11     | 22734 ||| READING scroll of acquirement.
 22734 | D:11     | 22734 ||| ACQUIRING +0 buckler "Nekerir" {-Tele Harm rPois}
 22734 | D:11     | Acquired the +0 buckler "Nekerir" {-Tele Harm rPois}
 22763 | D:11     | 22763 ||| Stepping ~*~*~tactically~*~*~ (hiding).
 22788 | D:11     | Found a staircase to the Orcish Mines.
 22874 | D:11     | 22874 ||| Stepping ~*~*~tactically~*~*~ (hiding).
 22879 | D:11     | 22879 ||| Stepping ~*~*~tactically~*~*~ (hiding).
 22993 | D:11     | 22993 ||| PLANNING D
 22993 | D:11     | 22993 ||| DROPPING +0 chain mail.
 22994 | D:11     | 22994 ||| DROPPING +3 ring mail of fire resistance.
 22995 | D:11     | 22995 ||| UPGRADING to +0 plate armour.
 23005 | D:11     | 23005 ||| DROPPING +2 ring mail of poison resistance.
 23029 | D:12     | 23029 ||| Stepping ~*~*~tactically~*~*~ (stealth).
 23035 | D:12     | 23035 ||| Stepping ~*~*~tactically~*~*~ (stealth).
 23263 | D:12     | 23263 ||| FLEEEEING.
 23264 | D:12     | 23264 ||| FLEEEEING.
 23265 | D:12     | 23265 ||| FLEEEEING.
 23266 | D:12     | 23266 ||| FLEEEEING.
 23267 | D:12     | 23267 ||| FLEEEEING.
 23268 | D:12     | 23268 ||| FLEEEEING.
 23269 | D:12     | 23269 ||| FLEEEEING.
 23343 | D:12     | 23343 ||| Stepping ~*~*~tactically~*~*~ (stealth).
 23349 | D:12     | 23349 ||| Stepping ~*~*~tactically~*~*~ (stealth).
 23439 | D:12     | 23439 ||| Stepping ~*~*~tactically~*~*~ (stealth).
 23440 | D:12     | 23440 ||| Stepping ~*~*~tactically~*~*~ (stealth).
 23441 | D:12     | 23441 ||| INVOKING Brothers in Arms.
 23443 | D:12     | 23443 ||| SWAPPING to +6 shillelagh "Devastator" {shatter}.
 23444 | D:12     | 23444 ||| SWAPPING to +1 broad axe of draining.
 23533 | D:12     | 23533 ||| INVOKING Brothers in Arms.
 23534 | D:12     | 23534 ||| INVOKING Berserk.
 23757 | D:13     | Reached skill level 18 in Axes
 23841 | D:13     | 23841 ||| Stepping ~*~*~tactically~*~*~ (hiding).
 23844 | D:13     | Noticed Josephine
 23857 | D:13     | Killed Josephine
 23978 | D:13     | 23978 ||| FLEEEEING.
 24041 | D:13     | 24041 ||| Stepping ~*~*~tactically~*~*~ (stealth).
 24255 | D:13     | 24255 ||| Stepping ~*~*~tactically~*~*~ (stealth).
 24258 | D:13     | 24258 ||| Stepping ~*~*~tactically~*~*~ (stealth).
 24567 | D:13     | Noticed Rupert
 24568 | D:13     | 24568 ||| INVOKING Trog's Hand.
 24569 | D:13     | 24569 ||| INVOKING Brothers in Arms.
 24571 | D:13     | 24571 ||| INVOKING Berserk.
 24577 | D:13     | Killed Rupert
 24578 | D:13     | Reached skill level 12 in Armour
 24742 | D:13     | 24742 ||| INVOKING Brothers in Arms.
 24743 | D:13     | 24743 ||| INVOKING Brothers in Arms.
 24745 | D:13     | 24745 ||| INVOKING Berserk.
 24983 | D:13     | 24983 ||| Stepping ~*~*~tactically~*~*~ (hiding).
 25514 | D:13     | 25514 ||| UPGRADING to +0 kite shield.
 25519 | D:13     | 25519 ||| DROPPING +0 buckler "Nekerir" {-Tele Harm rPois}.
 25558 | D:14     | Reached skill level 1 in Shields
 25560 | D:14     | 25560 ||| Stepping ~*~*~tactically~*~*~ (stealth).
 25562 | D:14     | 25562 ||| Stepping ~*~*~tactically~*~*~ (stealth).
 25569 | D:14     | 25569 ||| Stepping ~*~*~tactically~*~*~ (stealth).
 25570 | D:14     | Found a gate to the Vaults.
 25571 | D:14     | 25571 ||| Stepping ~*~*~tactically~*~*~ (hiding).
 25587 | D:14     | 25587 ||| Stepping ~*~*~tactically~*~*~ (stealth).
 25589 | D:14     | 25589 ||| Stepping ~*~*~tactically~*~*~ (stealth).
 25591 | D:14     | 25591 ||| Stepping ~*~*~tactically~*~*~ (stealth).
 25597 | D:14     | Reached skill level 3 in Shields
 25758 | D:14     | 25758 ||| Stepping ~*~*~tactically~*~*~ (hiding).
 25821 | D:14     | 25821 ||| Stepping ~*~*~tactically~*~*~ (hiding).
 25875 | D:14     | 25875 ||| FLEEEEING.
 25876 | D:14     | 25876 ||| FLEEEEING.
 25881 | D:14     | 25881 ||| FLEEEEING.
 25882 | D:14     | 25882 ||| FLEEEEING.
 25883 | D:14     | 25883 ||| FLEEEEING.
 25884 | D:14     | 25884 ||| FLEEEEING.
 25904 | D:14     | 25904 ||| FLEEEEING.
 25905 | D:14     | 25905 ||| FLEEEEING.
 25906 | D:14     | 25906 ||| FLEEEEING.
 25907 | D:14     | 25907 ||| FLEEEEING.
 25908 | D:14     | 25908 ||| FLEEEEING.
 25909 | D:14     | 25909 ||| STAIRDANCE
 26007 | D:14     | Received a gift from Trog
 26039 | D:14     | Reached XP level 15. HP: 129/155 MP: 14/14
 26117 | D:14     | 26117 ||| DROPPING +6 shillelagh "Devastator" {shatter}.
 26339 | D:14     | Identified the +6 quarterstaff of Brutal Revenge {vorpal,
                  | Int+3}
 26418 | D:14     | 26418 ||| READING scroll of brand weapon.
 26418 | D:14     | 26418 ||| BRANDING +1 broad axe of draining.
 26531 | D:14     | 26531 ||| INVOKING Brothers in Arms.
 26532 | D:14     | 26532 ||| SWAPPING to +0 morningstar.
 26533 | D:14     | 26533 ||| INVOKING Berserk.
 26540 | D:14     | Reached skill level 6 in Shields
 26547 | D:14     | 26547 ||| SWAPPING to +1 broad axe of freezing.
 26742 | D:14     | 26742 ||| READING 3 scrolls labelled ISMYAGH RONA.
 26743 | D:14     | 26743 ||| DROPPING 2 scrolls of immolation.
 26756 | D:15     | Entered Level 15 of the Dungeon
 26788 | D:15     | Found Pobubuy's Assorted Antiques.
 26796 | D:15     | 26796 ||| BUYING bone ring (190 gold).
 26796 | D:15     | Bought a bone ring for 190 gold pieces
 26796 | D:15     | 26796 ||| BUYING scroll of identify (76 gold).
 26796 | D:15     | Bought a scroll of identify for 76 gold pieces
 26818 | D:15     | 26818 ||| Stepping ~*~*~tactically~*~*~ (stealth).
 26819 | D:15     | 26819 ||| INVOKING Brothers in Arms.
 26821 | D:15     | 26821 ||| INVOKING Berserk.
 26969 | D:15     | 26969 ||| SWAPPING to +0 morningstar.
 26970 | D:15     | 26970 ||| INVOKING Berserk.
 26978 | D:15     | 26978 ||| FLEEEEING.
 26979 | D:15     | 26979 ||| FLEEEEING.
 26980 | D:15     | 26980 ||| FLEEEEING.
 26981 | D:15     | 26981 ||| FLEEEEING.
 26982 | D:15     | 26982 ||| FLEEEEING.
 26983 | D:15     | 26983 ||| FLEEEEING.
 26984 | D:15     | 26984 ||| FLEEEEING.
 26985 | D:15     | 26985 ||| FLEEEEING.
 26986 | D:15     | 26986 ||| SWAPPING to +1 broad axe of freezing.
 26990 | D:15     | 26990 ||| FLEEEEING.
 26997 | D:15     | 26997 ||| FLEEEEING.
 27000 | D:15     | 27000 ||| FLEEEEING.
 27003 | D:15     | 27003 ||| FLEEEEING.
 27004 | D:15     | 27004 ||| FLEEEEING.
 27005 | D:15     | 27005 ||| FLEEEEING.
 27008 | D:15     | 27008 ||| FLEEEEING.
 27009 | D:15     | 27009 ||| FLEEEEING.
 27010 | D:15     | 27010 ||| FLEEEEING.
 27011 | D:15     | 27011 ||| FLEEEEING.
 27012 | D:15     | 27012 ||| FLEEEEING.
 27013 | D:15     | 27013 ||| FLEEEEING.
 27016 | D:15     | 27016 ||| STAIRDANCE
 27122 | D:14     | 27122 ||| UPGRADING to +6 ring of strength.
 27124 | D:14     | 27124 ||| DROPPING ring of willpower.
 27139 | D:15     | 27139 ||| STAIRDANCE
 27265 | D:15     | Found a white marble altar of Elyvilon.
 27456 | D:15     | 27456 ||| SWAPPING to +0 vampiric war axe.
 27457 | D:15     | 27457 ||| DROPPING +1 broad axe of freezing.
 27465 | D:15     | 27465 ||| Stepping ~*~*~tactically~*~*~ (hiding).
 27472 | D:15     | Noticed a fire giant
 27474 | D:15     | 27474 ||| Stepping ~*~*~tactically~*~*~ (hiding).
 27478 | D:15     | 27478 ||| INVOKING Berserk.
 27481 | D:15     | Killed a fire giant
 27490 | D:15     | Reached skill level 9 in Shields
 27597 | D:15     | Found a sparkling altar of Nemelex Xobeh.
 27666 | D:15     | 27666 ||| READING scroll of enchant armour.
 27666 | D:15     | 27666 ||| ENCHANTING +0 cloak.
 27831 | D:15     | 27831 ||| INVOKING Berserk.
 27968 | D:15     | 27968 ||| Stepping ~*~*~tactically~*~*~ (hiding).
 27972 | D:15     | 27972 ||| INVOKING Trog's Hand.
 27980 | D:15     | Found a staircase to the Depths.
 28209 | D:15     | 28209 ||| PLANNING ORC
 28326 | Orc:1    | Entered Level 1 of the Orcish Mines
 28326 | Orc:1    | Noticed an orc warlord
 28329 | Orc:1    | 28329 ||| INVOKING Berserk.
 28345 | Orc:1    | Killed an orc warlord
 28557 | Orc:1    | 28557 ||| Stepping ~*~*~tactically~*~*~ (stealth).
 28558 | Orc:1    | 28558 ||| Stepping ~*~*~tactically~*~*~ (stealth).
 28740 | Orc:1    | 28740 ||| Stepping ~*~*~tactically~*~*~ (stealth).
 28741 | Orc:1    | 28741 ||| Stepping ~*~*~tactically~*~*~ (stealth).
 28743 | Orc:1    | 28743 ||| Stepping ~*~*~tactically~*~*~ (hiding).
 28744 | Orc:1    | 28744 ||| Stepping ~*~*~tactically~*~*~ (hiding).
 28745 | Orc:1    | 28745 ||| Stepping ~*~*~tactically~*~*~ (hiding).
 28746 | Orc:1    | 28746 ||| Stepping ~*~*~tactically~*~*~ (hiding).
 28747 | Orc:1    | 28747 ||| Stepping ~*~*~tactically~*~*~ (hiding).
 28756 | Orc:1    | Noticed Urug
 28759 | Orc:1    | 28759 ||| Stepping ~*~*~tactically~*~*~ (stealth).
 28762 | Orc:1    | 28762 ||| INVOKING Berserk.
 28766 | Orc:1    | Killed Urug
 28981 | Orc:2    | Entered Level 2 of the Orcish Mines
 29033 | Orc:2    | Found a staircase to the Elven Halls.
 29086 | Orc:2    | 29086 ||| INVOKING Trog's Hand.
 29090 | Orc:2    | 29090 ||| INVOKING Berserk.
 29319 | Orc:2    | 29319 ||| Stepping ~*~*~tactically~*~*~ (stealth).
 29320 | Orc:2    | 29320 ||| Stepping ~*~*~tactically~*~*~ (stealth).
 29322 | Orc:2    | 29322 ||| Stepping ~*~*~tactically~*~*~ (stealth).
 29379 | Orc:2    | 29379 ||| INVOKING Trog's Hand.
 29386 | Orc:2    | 29386 ||| INVOKING Berserk.
 29401 | Orc:2    | Found Ygyrum's Jewellery Shoppe.
 29401 | Orc:2    | Found Qar Vic's Distillery.
 29401 | Orc:2    | Found Gasiuxt's Assorted Antiques.
 29404 | Orc:2    | 29404 ||| Stepping ~*~*~tactically~*~*~ (hiding).
 29405 | Orc:2    | 29405 ||| INVOKING Brothers in Arms.
 29408 | Orc:2    | Reached skill level 12 in Shields
 29464 | Orc:2    | Found Jiets's Weapon Shoppe.
 29467 | Orc:2    | 29467 ||| BUYING +4 ring of protection (396 gold).
 29467 | Orc:2    | Bought a +4 ring of protection for 396 gold pieces
 29467 | Orc:2    | 29467 ||| BUYING amulet of regeneration (330 gold).
 29467 | Orc:2    | Bought an amulet of regeneration for 330 gold pieces
 29467 | Orc:2    | 29467 ||| BUYING ring of Rycenius {EV+4 Int+3 Dex+4} (634
                  | gold).
 29467 | Orc:2    | Bought the ring of Rycenius {EV+4 Int+3 Dex+4} for 634 gold
                  | pieces
 29467 | Orc:2    | 29467 ||| BUYING ring of poison resistance (220 gold).
 29467 | Orc:2    | Bought a ring of poison resistance for 220 gold pieces
 29468 | Orc:2    | 29468 ||| BUYING potion of curing (36 gold).
 29468 | Orc:2    | Bought a potion of curing for 36 gold pieces
 29468 | Orc:2    | 29468 ||| BUYING potion of heal wounds (60 gold).
 29468 | Orc:2    | Bought a potion of heal wounds for 60 gold pieces
 29468 | Orc:2    | 29468 ||| BUYING potion of might (48 gold).
 29468 | Orc:2    | Bought a potion of might for 48 gold pieces
 29468 | Orc:2    | 29468 ||| SHOPLISTING potion of resistance (120 gold, have
                  | 102).
 29469 | Orc:2    | 29469 ||| SHOPLISTING 2 potions of haste (620 gold, have
                  | 102).
 29469 | Orc:2    | 29469 ||| SHOPLISTING scroll of enchant weapon (232 gold,
                  | have 102).
 29469 | Orc:2    | 29469 ||| SHOPLISTING shiny brass ring (155 gold, have
                  | 102).
 29510 | Orc:2    | Noticed Sonja
 29511 | Orc:2    | 29511 ||| INVOKING Brothers in Arms.
 29518 | Orc:2    | Killed Sonja
 29731 | Orc:2    | 29731 ||| UPGRADING to +3 plate armour.
 29741 | Orc:2    | 29741 ||| DROPPING +0 plate armour.
 29742 | Orc:2    | 29742 ||| UPGRADING to +4 ring of protection.
 29744 | Orc:2    | 29744 ||| UPGRADING to ring of Rycenius {EV+4 Int+3 Dex+4}.
 29746 | Orc:2    | 29746 ||| DROPPING +6 ring of strength.
 29747 | Orc:2    | 29747 ||| UPGRADING to ring of poison resistance.
 29749 | Orc:2    | 29749 ||| DROPPING +4 ring of protection.
 29831 | Orc:1    | 29831 ||| PLANNING SNAKE:1-3
 29993 | Snake:1  | Entered Level 1 of the Snake Pit
 29996 | Snake:1  | 29996 ||| Stepping ~*~*~tactically~*~*~ (hiding).
 29998 | Snake:1  | 29998 ||| Stepping ~*~*~tactically~*~*~ (hiding).
 30009 | Snake:1  | 30009 ||| INVOKING Berserk.
 30039 | Snake:1  | 30039 ||| Stepping ~*~*~tactically~*~*~ (hiding).
 30041 | Snake:1  | 30041 ||| Stepping ~*~*~tactically~*~*~ (stealth).
 30052 | Snake:1  | 30052 ||| Stepping ~*~*~tactically~*~*~ (hiding).
 30055 | Snake:1  | 30055 ||| INVOKING Brothers in Arms.
 30084 | Snake:1  | Found Ajaqy's General Store.
 30087 | Snake:1  | 30087 ||| SHOPLISTING 3 scrolls of enchant weapon (382
                  | gold, have 224).
 30087 | Snake:1  | 30087 ||| BUYING scroll of identify (34 gold).
 30087 | Snake:1  | Bought a scroll of identify for 34 gold pieces
 30108 | Snake:1  | 30108 ||| INVOKING Berserk.
 30126 | Snake:1  | Reached skill level 6 in Throwing
 30147 | Snake:1  | 30147 ||| Stepping ~*~*~tactically~*~*~ (hiding).
 30388 | Snake:1  | 30388 ||| READING 3 scrolls of enchant weapon.
 30388 | Snake:1  | 30388 ||| ENCHANTING +0 vampiric war axe.
 30389 | Snake:1  | 30389 ||| READING 2 scrolls of enchant weapon.
 30389 | Snake:1  | 30389 ||| ENCHANTING +1 vampiric war axe.
 30390 | Snake:1  | 30390 ||| READING scroll of enchant weapon.
 30390 | Snake:1  | 30390 ||| ENCHANTING +2 vampiric war axe.
 30432 | Snake:1  | 30432 ||| Stepping ~*~*~tactically~*~*~ (hiding).
 30457 | Snake:1  | Reached XP level 16. HP: 137/162 MP: 8/15
 30481 | Snake:1  | 30481 ||| Stepping ~*~*~tactically~*~*~ (stealth).
 30537 | Snake:1  | 30537 ||| Stepping ~*~*~tactically~*~*~ (hiding).
 30539 | Snake:1  | 30539 ||| Stepping ~*~*~tactically~*~*~ (hiding).
 30544 | Snake:1  | 30544 ||| INVOKING Berserk.
 30692 | Snake:1  | 30692 ||| Stepping ~*~*~tactically~*~*~ (hiding).
 30693 | Snake:1  | 30693 ||| Stepping ~*~*~tactically~*~*~ (hiding).
 30697 | Snake:1  | 30697 ||| Stepping ~*~*~tactically~*~*~ (hiding).
 30717 | Snake:1  | Found Gysch's Antique Weapon Shop.
 30764 | Snake:1  | 30764 ||| READING scroll of enchant armour.
 30764 | Snake:1  | 30764 ||| ENCHANTING +1 cloak.
 30787 | Snake:1  | 30787 ||| Stepping ~*~*~tactically~*~*~ (stealth).
 30789 | Snake:1  | 30789 ||| Stepping ~*~*~tactically~*~*~ (stealth).
 30792 | Snake:1  | 30792 ||| Stepping ~*~*~tactically~*~*~ (hiding).
 31011 | Snake:1  | Found Ukuakace's Jewellery Shop.
 31013 | Snake:1  | 31013 ||| Stepping ~*~*~tactically~*~*~ (stealth).
 31033 | Snake:1  | 31033 ||| SHOPLISTING amulet of Max Debur {Acrobat Harm
                  | Will+ Str+5 Int-2} (537 gold, have 295).
 31069 | Snake:1  | 31069 ||| UPGRADING to amulet of reflection.
 31079 | Snake:1  | 31079 ||| DROPPING amulet of the acrobat.
 31080 | Snake:1  | 31080 ||| DROPPING amulet of regeneration.
 31107 | Snake:2  | 31107 ||| Stepping ~*~*~tactically~*~*~ (hiding).
 31110 | Snake:2  | 31110 ||| Stepping ~*~*~tactically~*~*~ (stealth).
 31120 | Snake:2  | 31120 ||| INVOKING Berserk.
 31122 | Snake:2  | Received a gift from Trog
 31183 | Snake:2  | 31183 ||| FLEEEEING.
 31251 | Snake:2  | 31251 ||| FLEEEEING.
 31261 | Snake:2  | 31261 ||| STAIRDANCE
 31381 | Snake:2  | 31381 ||| Stepping ~*~*~tactically~*~*~ (stealth).
 31383 | Snake:2  | 31383 ||| Stepping ~*~*~tactically~*~*~ (hiding).
 31394 | Snake:2  | 31394 ||| Stepping ~*~*~tactically~*~*~ (hiding).
 31412 | Snake:2  | 31412 ||| INVOKING Berserk.
 31780 | Snake:2  | Reached skill level 15 in Shields
 31782 | Snake:2  | 31782 ||| Stepping ~*~*~tactically~*~*~ (hiding).
 31796 | Snake:2  | 31796 ||| Stepping ~*~*~tactically~*~*~ (hiding).
 31818 | Snake:2  | 31818 ||| INVOKING Berserk.
 31947 | Snake:2  | 31947 ||| Stepping ~*~*~tactically~*~*~ (hiding).
 31948 | Snake:2  | 31948 ||| Stepping ~*~*~tactically~*~*~ (hiding).
 31950 | Snake:2  | 31950 ||| Stepping ~*~*~tactically~*~*~ (hiding).
 32027 | Snake:2  | 32027 ||| Stepping ~*~*~tactically~*~*~ (hiding).
 32028 | Snake:2  | 32028 ||| Stepping ~*~*~tactically~*~*~ (hiding).
 32034 | Snake:2  | 32034 ||| Stepping ~*~*~tactically~*~*~ (hiding).
 32035 | Snake:2  | 32035 ||| Stepping ~*~*~tactically~*~*~ (hiding).
 32270 | Snake:3  | Found Ybbiopehe's Assorted Antiques.
 32274 | Snake:3  | 32274 ||| INVOKING Berserk.
 32278 | Snake:3  | HP: 59/243 [shock serpent/bolt of electricity (28)]
 32626 | Snake:3  | 32626 ||| BUYING runed scarf (280 gold).
 32626 | Snake:3  | Bought a runed scarf for 280 gold pieces
 32987 | Snake:3  | 32987 ||| INVOKING Berserk.
 33001 | Snake:3  | 33001 ||| INVOKING Brothers in Arms.
 33151 | Snake:3  | 33151 ||| Stepping ~*~*~tactically~*~*~ (stealth).
 33153 | Snake:3  | 33153 ||| Stepping ~*~*~tactically~*~*~ (stealth).
 33161 | Snake:3  | Reached skill level 15 in Armour
 33170 | Snake:3  | 33170 ||| INVOKING Berserk.
 33463 | Snake:3  | 33463 ||| Stepping ~*~*~tactically~*~*~ (hiding).
 33474 | Snake:3  | 33474 ||| Stepping ~*~*~tactically~*~*~ (hiding).
 33519 | Snake:3  | 33519 ||| Stepping ~*~*~tactically~*~*~ (stealth).
 33521 | Snake:3  | 33521 ||| Stepping ~*~*~tactically~*~*~ (hiding).
 34013 | Snake:3  | 34013 ||| DROPPING scarf of invisibility.
 34014 | Snake:3  | 34014 ||| PLANNING SHOALS:1-3
 34127 | Shoals:1 | Entered Level 1 of the Shoals
 34243 | Shoals:1 | Identified the +7 war axe of Exquisite Torment {vorpal, rF+
                  | rC+ SInv} (Trog gifted it to you on level 1 of the Shoals)
 34243 | Shoals:1 | Received a gift from Trog
 34258 | Shoals:1 | 34258 ||| INVOKING Trog's Hand.
 34259 | Shoals:1 | 34259 ||| INVOKING Brothers in Arms.
 34267 | Shoals:1 | 34267 ||| INVOKING Berserk.
 34284 | Shoals:1 | 34284 ||| INVOKING Trog's Hand.
 34293 | Shoals:1 | 34293 ||| INVOKING Brothers in Arms.
 34299 | Shoals:1 | 34299 ||| INVOKING Trog's Hand.
 34299 | Shoals:1 | HP: 40/162 [drowned by a drowned soul[a merfolk avatar]
                  | (16)]
 34300 | Shoals:1 | 34300 ||| READING 4 scrolls of teleportation.
 34300 | Shoals:1 | HP: 17/162 [drowned by a drowned soul[a merfolk avatar]
                  | (10)]
 34301 | Shoals:1 | 34301 ||| DRINKING 9 potions of heal wounds.
 34302 | Shoals:1 | 34302 ||| DRINKING 8 potions of heal wounds.
 34307 | Shoals:1 | 34307 ||| INVOKING Brothers in Arms.
 34310 | Shoals:1 | 34310 ||| Stepping ~*~*~tactically~*~*~ (water).
 34317 | Shoals:1 | 34317 ||| INVOKING Berserk.
 34516 | Shoals:1 | 34516 ||| INVOKING Trog's Hand.
 34534 | Shoals:1 | Found Ithesch's Visitors' Centre.
 34538 | Shoals:1 | 34538 ||| INVOKING Berserk.
 34544 | Shoals:1 | HP: 29/162 [merfolk javelineer/silver javelin (15)]
 34545 | Shoals:1 | 34545 ||| READING 3 scrolls of teleportation.
 34545 | Shoals:1 | HP: 13/162 [drowned by a water nymph (13)]
 34546 | Shoals:1 | 34546 ||| DRINKING 7 potions of heal wounds.
 34546 | Shoals:1 | HP: 6/162 [water nymph/the raging water (19)]
 34546 | Shoals:1 | Slain by a merfolk impaler

Levels and vault maps discovered:
D:1:      dpeg_arrival_erosion, layout_rooms,
          hellmonk_ecumenical_altar_inner_sanctum
D:2:      layout_loops_ring, uniq_sigmund
D:3:      layout_basic, uniq_terence
D:4:      layout_cave_pools, nicolae_wu_jian_glorious_leap,
          dancing_weapons_uskayaw, minmay_quantized, uniq_duvessa
D:5:      layout_basic, uniq_grinder, uniq_menkaure, uniq_edmund
D:6:      nicolae_cairo_tiling_very_big, layout_loops_ring,
          cheibrodos_sewer_entry_bend
D:7:      layout_layer_cave, fedhas_altar_3, temple_green,
          gammafunk_ghost_arena, uniq_prince_ribbit1
D:8:      layout_loops_ring, minivault_14, uniq_gastronok, uniq_grum,
          uniq_maggie
D:9:      lemuel_insect_pit, layout_basic, erik_lair_orcish_takeover,
          minivault_25, uniq_joseph
D:10:     layout_long_grid, uniq_erica
D:11:     nicolae_cairo_tiling_large, layout_basic, erik_orc_1,
          dilly_guarded_unrand_devastator
D:12:     layout_cave_pools
D:13:     layout_layer_cave, uniq_rupert, uniq_josephine
D:14:     layout_loops_ring, erik_vaults_1
D:15:     gammafunk_enter_depths_forms, layout_small_grid, serial_shops, shop,
          nicolae_elyvilon_temple_path, minmay_ruined_shrine
Lair:1:   layout_chaotic_city, gauntlet_entry_generic
Lair:2:   layout_big_grid, dummy_snake_entry, hangedman_lair_unloving_vines
Lair:3:   layout_gridlike, shoals_dummy_entry, gammafunk_ghost_abyssal_escape,
          grunt_forest_stairs_clearing
Lair:4:   layout_cellular_growth, portal_ice_cave_rime,
          gammafunk_ghost_wrathful_warriors, grunt_megastairs_3
Lair:5:   due_jungle_book, layout_cave_pods, slime_entry_1, grunt_megastairs_5,
          lemuel_fruit_tree, lemuel_fruit_fields, serial_bayou_shore_a,
          lemuel_fruit_fields
Shoals:1: nicolae_shoals_mermall, layout_shoals
Snake:1:  layout_misc_corridors, serial_shops, nicolae_shop_behind_doors, shop,
          shop
Snake:2:  layout_misc_corridors, nicolae_integral_box
Snake:3:  layout_cave_town, serial_shops, nicolae_shop_advertising_works
          [nicolae_subvault_shop_adworks], serial_bayou, serial_bayou_pond_a,
          serial_bayou_lagoon_a, serial_bayou_shore_b, serial_bayou_ford_a,
          serial_bayou_crossing
Orc:1:    layout_diamond_mine, uniq_urug
Orc:2:    st_orc_mages, layout_diamond_mine, hellmonk_bongcloud_opening,
          uniq_sonja

Skill      XL: |  1  2  3  4  5  6  7  8  9 10 11 12 13 14 15 16 |
---------------+-------------------------------------------------+-----
Axes           | 4 5 7 8 9 10 12 14 15 16 18 | 18.0
Fighting       | 4 5 6 7 9 11 13 16 19 20 | 20.0
Armour         | 3 4 6 10 12 15 | 15.0
Throwing       | 1 2 3 6 8 |  8.0
Dodging        | 3 5 9 10 | 10.3
Shields        | 5 13 15 | 15.7

Action                   |  1- 3 |  4- 6 |  7- 9 | 10-12 | 13-15 | 16-18 || total
-------------------------+-------+-------+-------+-------+-------+-------++-------
Melee: Hand axe          |    75 |   100 |   320 |    39 |       |       ||   534
       Headbutt          |    10 |    22 |    52 |    73 |   252 |   106 ||   515
       Punch             |       |     1 |     3 |     5 |     9 |       ||    18
       War axe           |       |       |       |   301 |   561 |   465 ||  1327
       Morningstar       |       |       |       |     3 |    15 |       ||    18
       Broad axe         |       |       |       |       |   288 |       ||   288
Throw: Boomerang         |       |    16 |    12 |    71 |       |       ||    99
       Javelin           |       |       |       |       |    13 |    23 ||    36
Invok: Berserk           |     3 |     3 |    15 |    20 |    26 |    10 ||    77
       Trog's Hand       |       |       |     1 |       |     4 |     4 ||     9
       Brothers in Arms  |       |       |       |     1 |    11 |     4 ||    16
  Use: Scroll            |     6 |     5 |    10 |     9 |    13 |     3 ||    46
       Potion            |     1 |       |       |     1 |       |     3 ||     5
 Stab: Paralysed         |       |       |     1 |       |       |       ||     1
       Distracted        |       |       |       |       |     1 |       ||     1
Armor: Animal skin       |     8 |       |       |       |       |       ||     8
       Ring mail         |    22 |    19 |       |    29 |    75 |       ||   145
       Scale mail        |       |     7 |     7 |       |       |       ||    14
       Chain mail        |       |       |    97 |    71 |       |       ||   168
       Skin              |       |       |       |     1 |       |       ||     1
       Plate armour      |       |       |       |       |   207 |   125 ||   332
Dodge: Dodged            |    51 |    49 |    96 |   126 |   395 |   143 ||   860
Block: Kite shield       |       |       |       |       |   189 |   373 ||   562
       Reflection        |       |       |       |       |       |    30 ||    30

Table legend:
 A = Non-vault XP
 B = Vault XP
 C = Vault XP percentage of total XP
 D = Non-vault monster count
 E = Vault monster count
 F = Vault count percentage of total count
                 A         B        C        D         E       F
            +---------+---------+-------+---------+---------+-------
      Total |  151656 |   55217 |  26.7 |     618 |     166 |  21.2
            +---------+---------+-------+---------+---------+-------
        D:1 |      28 |       0 |   0.0 |      16 |       0 |   0.0
        D:2 |      57 |     214 |  79.0 |      26 |       1 |   3.7
        D:3 |     194 |      36 |  15.7 |      26 |       1 |   3.7
        D:4 |     148 |     319 |  68.3 |      21 |       4 |  16.0
        D:5 |     506 |     600 |  54.2 |      21 |       3 |  12.5
        D:6 |    1259 |       5 |   0.4 |      29 |       1 |   3.3
        D:7 |    1226 |     291 |  19.2 |      36 |       1 |   2.7
        D:8 |     964 |    2617 |  73.1 |      24 |       7 |  22.6
        D:9 |    3164 |    1053 |  25.0 |      23 |      10 |  30.3
       D:10 |    2095 |     836 |  28.5 |      14 |       1 |   6.7
       D:11 |    2506 |    3487 |  58.2 |      12 |      21 |  63.6
       D:12 |    6141 |       0 |   0.0 |      19 |       0 |   0.0
       D:13 |    7631 |    3319 |  30.3 |      15 |       5 |  25.0
       D:14 |   10112 |    1654 |  14.1 |      18 |       2 |  10.0
       D:15 |    5307 |   10132 |  65.6 |      11 |      17 |  60.7
     Lair:1 |    5446 |       0 |   0.0 |      25 |       0 |   0.0
     Lair:2 |    7594 |       0 |   0.0 |      30 |       0 |   0.0
     Lair:3 |    4079 |    1004 |  19.8 |      15 |       6 |  28.6
     Lair:4 |    7529 |    4646 |  38.2 |      20 |      12 |  37.5
     Lair:5 |    8186 |   18134 |  68.9 |      21 |      40 |  65.6
   Shoals:1 |    2918 |       0 |   0.0 |       8 |       0 |   0.0
    Snake:1 |   28818 |       0 |   0.0 |      57 |       0 |   0.0
    Snake:2 |   15282 |       0 |   0.0 |      31 |       0 |   0.0
    Snake:3 |   23495 |       0 |   0.0 |      46 |       0 |   0.0
      Orc:1 |    4402 |     796 |  15.3 |      36 |       1 |   2.7
      Orc:2 |    2569 |    6074 |  70.3 |      18 |      33 |  64.7
            +---------+---------+-------+---------+---------+-------
